 Dungeon Crawl Stone Soup version 0.23.2-1-ga50397a6bc (webtiles) character file.

Game seed: 11436922528959171427

155 Revguard the Chopper (level 5, 0/45 HPs)
             Began as a Minotaur Gladiator on May 28, 2019.
             Was a Believer of Lugonu.
             Succumbed to an adder's poison
             ... on level 3 of the Dungeon.
             The game lasted 00:05:36 (1613 turns).

Revguard the Chopper (Minotaur Gladiator)           Turns: 1613, Time: 00:05:36

Health: 0/45       AC:  4    Str: 19    XL:     5   Next: 14%
Magic:  4/4        EV: 13    Int:  5    God:    Lugonu [**....]
Gold:   68         SH:  0    Dex: 12    Spells: 4/4 levels left

rFire    . . .     SeeInvis +   a - +1 war axe
rCold    . . .     Gourm    .   (no shield)
rNeg     . . .     Faith    .   b - +0 leather armour
rPois    .         Spirit   .   c - +1 hat
rElec    .         Reflect  .   (no cloak)
rCorr    .         Harm     .   (no gloves)
MR       .....                  (no boots)
Stlth    +.........             (no amulet)
HPRegen  0.15/turn              i - ring of see invisible
MPRegen  0.09/turn              (no ring)

@: lethally poisoned (0 -> -1)
A: retaliatory headbutt, horns 2
a: Depart the Abyss, Bend Space, Renounce Religion


You were on level 3 of the Dungeon.
You worshipped Lugonu.
Lugonu was pleased with you.
You were not hungry.

You visited 1 branch of the dungeon, and saw 3 of its levels.

You collected 68 gold pieces.

Inventory:

Hand Weapons
 a - a +1 war axe (weapon)
Missiles
 d - 3 throwing nets (quivered)
Armour
 b - a +0 leather armour (worn)
 c - a +1 hat (worn)
Jewellery
 i - a ring of see invisible (left hand)
Scrolls
 e - 2 scrolls of identify
 g - a scroll of blinking
 j - a scroll of remove curse
 k - a scroll of fog
Comestibles
 f - 6 rations


   Skills:
 + Level 3.1 Fighting
 + Level 5.0 Axes
 - Level 2.0 Throwing
 * Level 2.8 Armour
 + Level 4.1 Dodging
 * Level 1.1 Invocations


You had 4 spell levels left.
You didn't know any spells.
Your spell library was empty.

Dungeon Overview and Level Annotations

Branches:
Dungeon (3/15)

Altars:
Lugonu


Innate Abilities, Weirdness & Mutations

You reflexively headbutt those who attack you in melee.
You have a pair of horns on your head.


Message History

* * * LOW HITPOINT WARNING * * *
You feel sick.
A ball python comes into view.
Found a scroll of enchant weapon, 4 gold pieces and 17 arrows.
Found a stone staircase leading up.
You slash the ball python!
You kill the ball python!
Lugonu accepts your kill.
* * * LOW HITPOINT WARNING * * *
You feel sick.
* * * LOW HITPOINT WARNING * * *
You feel sick.
* * * LOW HITPOINT WARNING * * *
You feel sick.
* * * LOW HITPOINT WARNING * * *
You feel sick.
A kobold comes into view.
* * * LOW HITPOINT WARNING * * *
You feel sick.
You die...

#..........#
#..........#
#..........#
#..?.......#
#.......$..#
#..........#
#....(.....#
#..........#
#..<@......#
######.###..#
#..###..#
##..###.#
#.......#.#
#...........
#......K..#.
#.........#
#.......#...


There were no monsters in sight!

Vanquished Creatures
  A hound (D:2)
  An orc wizard (D:3)
  An adder (D:3)
  2 oozes
  2 worms (D:2)
  2 dart slugs
  3 leopard geckos
  3 orcs (D:3)
  3 ball pythons
  A giant cockroach (D:1)
  8 goblins
  12 hobgoblins
  3 jackals (D:3)
  6 kobolds
  2 bats
  A frilled lizard (D:2)
  10 rats
61 creatures vanquished.

Notes
Turn   | Place    | Note
-------+----------+-------------------------------------------
     0 | D:1      | Revguard the Minotaur Gladiator began the quest for the
                  | Orb.
     0 | D:1      | Reached XP level 1. HP: 18/18 MP: 0/0
   311 | D:1      | Reached skill level 4 in Axes
   311 | D:1      | Reached XP level 2. HP: 23/25 MP: 1/1
   317 | D:1      | Reached skill level 1 in Armour
   631 | D:1      | Reached XP level 3. HP: 28/30 MP: 2/2
   772 | D:2      | Found a faded altar of an unknown god.
   793 | D:2      | Reached XP level 4. HP: 16/37 MP: 3/3
   850 | D:2      | Became a worshipper of Lugonu the Unformed
   850 | D:2      | Reached * piety under Lugonu
   850 | D:2      | Reached ** piety under Lugonu
  1571 | D:3      | Reached XP level 5. HP: 45/45 MP: 4/4
  1578 | D:3      | Reached skill level 1 in Invocations
  1586 | D:3      | Reached skill level 5 in Axes
  1599 | D:3      | HP: 2/45 [poisoned by an adder]
  1605 | D:3      | HP: 1/45 [poisoned by an adder]
  1613 | D:3      | Succumbed to an adder's poison

Skill      XL: |  1  2  3  4  5 |
---------------+----------------+-----
Axes           | 4 5 |  5.0
Armour         | 1 2 |  2.8
Dodging        | 4 |  4.1
Fighting       | 3 |  3.1
Invocations    | 1 |  1.1
Throwing       | |  2.0

Action                   |  1- 3 |  4- 6 || total
-------------------------+-------+-------++-------
Melee: War axe           |    64 |    50 ||   114
       Headbutt          |     8 |     5 ||    13
Invok: Bend Space        |       |     1 ||     1
  Use: Potion            |     1 |     2 ||     3
       Scroll            |       |     7 ||     7
  Eat: Chunk             |       |     2 ||     2
Armor: Leather armour    |    11 |    16 ||    27
Dodge: Dodged            |    39 |    34 ||    73
